 Dungeon Crawl Stone Soup version 0.31-a0-672-g7da72447bb (webtiles) character file.

Game seed: 8496721057752226749

1347 Dirtsage the Mimic (level 8, -2/48 HPs)
             Began as an Octopode Shapeshifter on Sept 4, 2023.
             Was a Follower of Elyvilon.
             Slain by a centaur (3 damage)
             ... on level 6 of the Dungeon.
             The game lasted 00:07:33 (4869 turns).

Dirtsage the Mimic (Octopode Shapeshifter)          Turns: 4869, Time: 00:07:33

Health: -2/48      AC:  1    Str: 15    XL:     8   Next: 62%
Magic:  8/8        EV: 13    Int: 13    God:    Elyvilon [*.....]
Gold:   253        SH:  0    Dex: 11    Spells: 7/7 levels left

rFire   . .          .
                       - Unarmed
rCold   + . .        (shield currently unavailable)
rNeg    . . .        (helmet restricted)
rPois   .            (no amulet)
rElec   .            I - ring of protection from cold
rCorr   .            (no ring)
SInv    .            (no ring)
Will    .....        (no ring)
Stlth   +            (no ring)
HPRegen 0.28/turn    (no ring)
MPRegen 0.11/turn    (no ring)
                     (no ring)

%: no passive effects
@: flux-form, hasted, glowing, very quick
A: glow, contaminating, almost no armour, amphibious, 8 rings, camouflage 1,
gelatinous body 1, (nimble swimmer 1), tentacles
a: Begin Untransformation, Renounce Religion, Purification


You were on level 6 of the Dungeon.
You worshipped Elyvilon.
Elyvilon was aware of your devotion.
You were something dangerously unstable.
You visited 2 branches of the dungeon, and saw 7 of its levels.

You collected 253 gold pieces.

Inventory:

Jewellery
 q - a ring of ice
 I - a ring of protection from cold (left tentacle)
Talismans
 b - a beast talisman
 c - a flux talisman (active)
Wands
 v - a wand of flame (23)
Scrolls
 d - 2 scrolls of vulnerability
 f - a scroll of noise {unknown}
 i - a scroll of fear {unknown}
 k - 3 scrolls of immolation
 n - a scroll of silence {unknown}
 p - 2 scrolls of acquirement {unknown}
 r - a scroll of fog {unknown}
 s - a scroll of teleportation {unknown}
 u - a scroll of enchant weapon {unknown}
 B - a scroll of blinking
Potions
 a - a potion of lignification
 e - 3 potions of brilliance {unknown}
 g - a potion of attraction {unknown}
 h - 2 potions of haste
 j - 2 potions of degeneration {unknown}
 l - a potion of heal wounds {unknown}
 m - a potion of cancellation {unknown}
 o - a potion of curing {unknown}
 t - a potion of mutation {unknown}


   Skills:
 - Level 1.0 Fighting
 - Level 2.0 Dodging
 + Level 6.7 Unarmed Combat
 * Level 8.2 Shapeshifting


You had 7 spell levels left.
You didn't know any spells.
Your spell library contained the following spells:

 Spells                   Type           Power      Damage    Failure   Level
 Apportation              Tloc           0%         N/A       30%         1
 Necrotise                Necr           0%         1d4       30%         1
 Shock                    Conj/Air       0%         1d3       30%         1
 Summon Small Mammal      Summ           0%         N/A       30%         1
 Swiftness                Air            0%         N/A       67%         3
 Airstrike                Air            0%         2d(0-16)  97%         4


Dungeon Overview and Level Annotations

Branches:
Dungeon (6/15)             Temple (1/1) D:5

Altars:
Ashenzari
Dithmenos
Elyvilon
Fedhas
Gozag
Hepliaklqana
Kikubaaqudgha
Okawaru
Qazlal
Ru
Sif Muna
Trog
Uskayaw
Vehumet
Wu Jian
Yredelemnul
Zin


Innate Abilities, Weirdness & Mutations

You are something dangerously unstable.
You glow with magical radiation, making you easy to see and hit.
Foes you strike become dangerously contaminated with magical radiation.
You are incapable of wielding weapons or throwing items.
You cannot wear most types of armour.
You are amphibious.
You can wear up to eight rings at the same time.
Your skin changes colour to match your surroundings (Stealth+).
Your rubbery body absorbs attacks. (AC +1, EV +1)
((You are camouflaged when in or above water. (Stealth+)))
You have tentacles for arms and can constrict up to eight enemies at once.


Message History

You tentacle-slap the adder.
The adder begins to glow.
You squeeze the adder.
You kill the adder!
You feel sick.
No target in view!
You feel sick.
You feel sick.
You feel sick.
You feel sick.
You are no longer poisoned.
k - 3 scrolls of immolation (gained 1)
You open the door.
There is an open door here.
You open the door.
There is an open door here.
A centaur comes into view.
The centaur shouts!
The centaur wields a +0 shortbow.
The centaur shoots an arrow.
The arrow hits you!
You take 3 damage, and have 37/48 hp.
The centaur shoots an arrow.
The arrow hits you!
You take 7 damage, and have 30/48 hp.
The centaur shoots an arrow.
The arrow hits you!
You take 11 damage, and have 19/48 hp.
MASSIVE DAMAGE!!
The centaur shoots an arrow.
The arrow hits you!
* * * LOW HITPOINT WARNING * * *
The centaur shoots an arrow.
The arrow hits you.
* * * LOW HITPOINT WARNING * * *
You take 18 damage, and have 2/48 hp.
MASSIVE DAMAGE!!
The centaur shoots an arrow.
The arrow hits you.
* * * LOW HITPOINT WARNING * * *
You take 1 damage, and have 1/48 hp.
It was a potion of haste.
You feel yourself speed up.
h - 2 potions of haste;
e - 3 lumpy clear potions The centaur shoots an arrow.
The arrow barely misses you.
You tentacle-slap the centaur.
The centaur begins to glow.
The centaur is lightly wounded.
You tentacle-slap the centaur.
The centaur glows dangerously bright.
The centaur is moderately wounded.
The centaur unwields a +0 shortbow.
The centaur hits you.
You die...

....# #.##.# ....#
#.##.# ##### #.##.#
#.##.# #.##.# #.##.#
##################.##.#
.................# #.#
################B# #.#
#c# #.########### #.#
#...........# #.#
###########.# #.# #.#
#.# #.# #.# #.# #.# #.#
#.# #.#


You could see a centaur (heavy contam).

Vanquished Creatures
  Menkaure (D:6)
  2 water moccasins
  2 ice beasts (D:5)
  2 black bears
  2 ogres (D:4)
  2 scorpions (D:5)
  3 hounds
  An orc wizard (D:5)
  Robin (D:4)
  3 gnolls (D:4)
  12 adders
  An ufetubus (D:6)
  2 worms
  6 dart slugs
  7 orcs
  9 endoplasms
  6 hobgoblins
  3 quokkas
  3 ball pythons
  9 bats
  3 frilled lizards
  11 goblins
  5 kobolds
  6 rats
102 creatures vanquished.

Notes
Turn   | Place    | Note
-------+----------+-------------------------------------------
     0 | D:1      | Dirtsage the Octopode Shapeshifter began the quest for the
                  | Orb.
     0 | D:1      | Reached XP level 1. HP: 13/13 MP: 1/1
   173 | D:1      | Reached XP level 2. HP: 18/18 MP: 2/2
   699 | D:2      | Reached XP level 3. HP: 17/23 MP: 3/3
   918 | D:2      | Reached skill level 4 in Shapeshifting
  1088 | D:2      | Found a shadowy altar of Dithmenos.
  1100 | D:2      | Reached XP level 4. HP: 10/28 MP: 4/4
  1841 | D:3      | Reached XP level 5. HP: 33/33 MP: 5/5
  1992 | D:4      | Noticed an ogre
  2106 | D:4      | Noticed a water moccasin
  2115 | D:4      | Killed a water moccasin
  2116 | D:4      | Reached skill level 5 in Shapeshifting
  2116 | D:4      | Reached XP level 6. HP: 4/38 MP: 6/6
  2568 | D:4      | Found a bloodstained altar of Trog.
  2607 | D:4      | Noticed a black bear
  2616 | D:4      | Killed a black bear
  2617 | D:4      | Reached skill level 5 in Unarmed Combat
  2617 | D:4      | Reached skill level 6 in Shapeshifting
  2617 | D:4      | Reached XP level 7. HP: 43/43 MP: 7/7
  2690 | D:4      | Noticed Robin
  2731 | D:4      | Killed Robin
  2941 | D:5      | Entered Level 5 of the Dungeon
  3205 | D:5      | Reached skill level 7 in Shapeshifting
  3209 | D:5      | Reached XP level 8. HP: 30/48 MP: 8/8
  3434 | D:5      | Found a staircase to the Ecumenical Temple.
  3446 | Temple   | Entered the Ecumenical Temple
  3465 | Temple   | Became a worshipper of Elyvilon the Healer
  3974 | D:5      | Identified the +6 scimitar "Qipnuvem" {freeze, *Rage rPois
                  | Str+4 Int-2}
  4519 | D:6      | Reached * piety under Elyvilon
  4530 | D:6      | Noticed Menkaure
  4533 | D:6      | Killed Menkaure
  4534 | D:6      | Reached skill level 8 in Shapeshifting
  4865 | D:6      | HP: 2/48 [centaur/arrow (6)]
  4869 | D:6      | Slain by a centaur

Illustrated notes

Levels and vault maps discovered:
D:1:      minmay_arrival_jagged, layout_rooms, corexii_hall_statues_l,
          minmay_misc_feat_ornament, roderic_serpentine_path
D:2:      layout_basic, basic_altar
D:3:      layout_basic, grunt_ministairs_7, minmay_close_crescents
D:4:      layout_basic, trog_book, grunt_decor_mini_mirrors,
          hangedman_abyss_or_decor_passed, uniq_robin
D:5:      minmay_skewed_foursquare, layout_basic,
          minmay_temple_entry_gardened_gates
D:6:      layout_basic, uniq_menkaure
Temple:   nicolae_temple_slightly_damp_pantheon

Skill      XL: |  1  2  3  4  5  6  7  8 |
---------------+-------------------------+-----
Shapeshifting  | 4 5 6 7 8 |  8.2
Unarmed Combat | 4 5 6 |  6.7
Fighting       | |  1.0
Dodging        | |  2.0

Action                     |  1- 3 |  4- 6 |  7- 9 || total
---------------------------+-------+-------+-------++-------
  Melee: Unarmed           |    58 |    79 |    84 ||   221
         Tentacles         |    10 |    17 |    21 ||    48
         Constrict         |     9 |    16 |    21 ||    46
         Punch             |     1 |     3 |     5 ||     9
    Use: Scroll            |       |     3 |       ||     3
         Potion            |       |       |     1 ||     1
   Stab: Sleeping          |     8 |     6 |     4 ||    18
 Armour: Skin              |    16 |    26 |    34 ||    76
  Dodge: Dodged            |    35 |    48 |    38 ||   121
   Form: Flux              |       |       |     1 ||     1

Table legend: (Time is in decaauts)
 A = Elapsed time spent in this place.
 B = Non-inter-level travel time spent in this place.
 C = Inter-level travel time spent in this place.
 D = Time resting spent in this place.
 E = Time spent auto-exploring this place.
 F = Levels seen in this place.
 G = Mean time per level.
                   A        B        C        D        E       F      G
               +--------+--------+--------+--------+--------+-----+--------+
         Total |   4848 |   4695 |    153 |    739 |   3320 |   7 |  692.6 |
       Dungeon |   4809 |   4692 |    117 |    739 |   3320 |   6 |  801.5 |
        Temple |     38 |      2 |     36 |      0 |      0 |   1 |   38.0 |
               +--------+--------+--------+--------+--------+-----+--------+

Top non-repeatable levels by time:
     D:5: 1523 daAuts
     D:4: 973 daAuts
     D:2: 772 daAuts
     D:1: 603 daAuts
     D:3: 578 daAuts
     D:6: 358 daAuts
  Temple: 38 daAuts
